 Dungeon Crawl Stone Soup version 0.30-a0-465-g8901f6c8b5 (webtiles) character file.

Game seed: 3900704023016932139

65 zero the Digger (level 4, -3/33 HPs)
             Began as a Meteoran Earth Elementalist on Dec 18, 2022.
             Killed by divine providence
             ... invoked by an orc priest
              (12 damage)
             ... on level 3 of the Dungeon.
             The game lasted 00:01:00 (907 turns).

zero the Digger (Meteoran Earth Elementalist)        Turns: 907, Time: 00:01:00

Health: -3/33      AC:  2    Str: 10    XL:     4   Next: 60%
Magic:  2/11       EV:  9    Int: 18    God:
Gold:   101        SH:  0    Dex: 14    Spells: 7/11 levels left

rFire   . . .      SeeInvis .    e - staff of conjuration {!a}
rCold   . . .      Faith    .    (no shield)
rNeg    . . .      Spirit   .    a - +0 robe
rPois   .          Reflect  .    (no helmet)
rElec   .          Harm     .    (no cloak)
rCorr   .          Rampage  .    (no gloves)
Will    .....                    (no boots)
Stlth   +.........               (no amulet)
HPRegen 0.25/turn                (no ring)
MPRegen 0.12/turn                (no ring)

@: glowing, constricted, studying Fighting
A: sense surroundings 1, otherworldly, glowing, explore regen
a: no special abilities


You were on level 3 of the Dungeon.
You visited 1 branch of the dungeon, and saw 3 of its levels.

You collected 101 gold pieces.

Inventory:

Armour
 a - a +0 robe (worn)
Magical Staves
 e - a staff of conjuration (weapon) {!a}
Jewellery
 c - a ring of poison resistance
Scrolls
 g - a scroll of immolation {unknown}
 i - a scroll of identify {unknown}
 m - a scroll of enchant weapon {unknown}
Potions
 b - 2 potions of magic
 d - a potion of attraction {unknown}
 f - a potion of degeneration {unknown}
 h - a potion of flight {unknown}
 j - a potion of might {unknown}
 k - a potion of curing {unknown}
 l - a potion of resistance {unknown}


   Skills:
 - Level 2.4 Dodging
 - Level 1.4 Stealth
 + Level 4.2 Spellcasting
 - Level 1.2 Transmutations
 + Level 4.9 Earth Magic


You had 7 spell levels left.
You knew the following spells:

 Your Spells              Type           Power      Damage    Failure   Level
a - Sandblast             Erth           42%        2d11      1%          1
b - Stone Arrow           Conj/Erth      36%        3d9       16%         3

Your spell library contained the following spells:

 Spells                   Type           Power      Damage    Failure   Level
 Passwall                 Tmut/Erth      11%        N/A       6%          2
 Petrify                  Tmut/Erth      14%        N/A       38%         4


Dungeon Overview and Level Annotations

Branches:
Dungeon (3/15) Zot: 879

Altars:

Annotations:
D:3 Chingon's ghost, amateur DsMo


Innate Abilities, Weirdness & Mutations

You passively map a small area around you.
You are easily found by Zot.
You glow in the dark.
You regain HP and MP as you explore.


Message History

An orc priest comes into view. It is wielding a +0 trident.
The orc attacks as you move away! The orc closely misses you.
The orc priest calls down the wrath of Beogh upon you.
Beogh smites you!
* * * LOW HITPOINT WARNING * * *
You open the door. The orc barely misses you. The orc attacks as you move away!
The orc hits you with a +0 dagger.
* * * LOW HITPOINT WARNING * * *
There is an open door here.
A ball python comes into view.
The ball python hisses angrily.
The ball python bites you.
* * * LOW HITPOINT WARNING * * *
The ball python grabs you. The ball python constricts you.
Casting: Sandblast (safe; 1% risk of failure)
Confirm with . or Enter, or press ? or * to list all spells.
Aiming: Sandblast (safe; 1% risk of failure)
Press: ? - help, Shift-Dir - straight line, f/p - orc
Aim: an orc, wielding a +0 dagger (severely wounded, 83% to hit)
The blast of sand hits the orc!!
You kill the orc!
The ball python bites you but does no damage.
The ball python constricts you. The ball python barely misses you.
The ball python constricts you.
Casting: Sandblast (safe; 1% risk of failure)
Confirm with . or Enter, or press ? or * to list all spells.
Aiming: Sandblast (safe; 1% risk of failure)
Press: ? - help, Shift-Dir - straight line, f - ball python
Aim: a ball python (constricting you, 81% to hit)
Okay, then.
Casting: Sandblast (safe; 1% risk of failure)
Confirm with . or Enter, or press ? or * to list all spells.
Aiming: Stone Arrow (quite dangerous; 16% risk of failure)
Press: ? - help, Shift-Dir - straight line, f - orc priest
Aim: an orc priest, wielding a +0 trident (68% to hit)
You feel a surge of power!
The stone arrow hits the orc priest!
The orc priest is almost dead.
The orc priest mumbles some strange prayers to Beogh against you.
Beogh smites you!
You die...

.# #.#####..#
#........)# , .#
#.##.....#
##...##...))...# .#
#........#
##o#######.##.. .#
#.##.##..# #.# ,# .#
#........# #.# , , .#
#.##.##.## ##o## * * .#
#.##....# ##...### , ##
#.#####.# ##).....# * *
# #.# ##..# #.@.....#
####.###...####..S.###.#
, ..............+....#
..§ , , ,
....####...####....# ,
..# , , .##.#......#
##.... ... ,
......###..# ##..#., * *
..##### ##.#* ##.#§
.##,.5.. #..# ## # ** ,
##,...#..##.#


You could see an orc priest and a ball python.

Vanquished Creatures
  An orc priest (D:3)
  An adder (D:2)
  A worm (D:2)
  3 orcs (D:3)
  A ball python (D:2)
  An endoplasm (D:2)
  A giant cockroach (D:2)
  A goblin (D:3)
  2 hobgoblins (D:2)
  2 kobolds (D:2)
  A quokka (D:2)
  4 bats
19 creatures vanquished.

Notes
Turn   | Place    | Note
-------+----------+-------------------------------------------
     0 | D:1      | zero the Meteoran Earth Elementalist began the quest for
                  | the Orb.
     0 | D:1      | Reached XP level 1. HP: 14/14 MP: 5/5
    39 | D:1      | You fall into a shaft and drop 1 floor!
    46 | D:2      | Reached XP level 2. HP: 17/20 MP: 2/7
   288 | D:2      | Reached XP level 3. HP: 20/26 MP: 2/8
   292 | D:2      | Learned a level 3 spell: Stone Arrow
   826 | D:3      | Noticed Chingon's ghost (amateur DsMo)
   890 | D:3      | Reached XP level 4. HP: 20/33 MP: 2/11
   907 | D:3      | Killed from afar by an orc priest

Illustrated notes

Levels and vault maps discovered:
D:1:      dpeg_arrival_windows_large_door, layout_basic,
          chequers_serial_rivers_marsh
D:2:      layout_loops_cross
D:3:      layout_loops_corners, nicolae_kikubaaqudgha_miasma_corner,
          yredelemnul_altar_generic, gammafunk_ghost_stat_death,
          shapermc_ecumenical_altar_starsandcircs, chequers_avenue,
          minmay_between

Skill      XL: |  1  2  3 |
---------------+----------+-----
Spellcasting   | 3 4 |  4.2
Earth Magic    | 4 |  4.9
Dodging        | |  2.4
Stealth        | |  1.4
Transmutations | |  1.2

Action                   |  1- 3 |  4- 6 || total
-------------------------+-------+-------++-------
Melee: Unarmed           |     2 |       ||     2
 Cast: Sandblast         |    25 |     3 ||    28
       Stone Arrow       |     2 |     1 ||     3
Armor: Robe              |     2 |     1 ||     3
Dodge: Dodged            |    10 |     3 ||    13

Table legend: (Time is in decaauts)
 A = Elapsed time spent in this place.
 B = Non-inter-level travel time spent in this place.
 C = Inter-level travel time spent in this place.
 D = Time resting spent in this place.
 E = Time spent auto-exploring this place.
 F = Levels seen in this place.
 G = Mean time per level.
                   A        B        C        D        E       F      G
               +--------+--------+--------+--------+--------+-----+--------+
         Total |    919 |    898 |     21 |    198 |    575 |   3 |  306.3 |
       Dungeon |    919 |    898 |     21 |    198 |    575 |   3 |  306.3 |
               +--------+--------+--------+--------+--------+-----+--------+

Top non-repeatable levels by time:
     D:2: 758 daAuts
     D:3: 122 daAuts
     D:1: 39 daAuts
